[Event "EU-ch 12th"]
[Site "Aix les Bains"]
[Date "2011.03.28"]
[Round "7"]
[White "Nikolic, Predrag"]
[Black "Sutovsky, Emil"]
[Result "0-1"]
[ECO "E62"]
[WhiteElo "2596"]
[BlackElo "2692"]
[PlyCount "66"]
[EventDate "2011.03.22"]
[EventType "swiss"]
[EventRounds "11"]
[EventCountry "FRA"]
[SourceTitle "CBM 142 Extra"]
[Source "ChessBase"]
[SourceDate "2011.06.27"]
[SourceVersion "1"]
[SourceVersionDate "2011.06.27"]
[SourceQuality "1"]
[TimeControl "40/5400+30:1800+30"]

1. d4 Nf6 2. Nf3 g6 3. c4 Bg7 4. g3 O-O 5. Bg2 d6 (5... d5) 6. O-O Nc6 7. Nc3
Bf5 (7... a6 8. e4 Rb8 9. h3 b5 10. cxb5 axb5 11. Re1 b4 12. Nd5 Nd7 13. Bg5 h6
14. Rc1 hxg5 15. Rxc6 Bb7 (15... b3 $142 16. axb3 Bb7 17. Rc2 c6 18. Nc3 c5 19.
dxc5 Nxc5 20. b4 $36 {Avrukh vol 2 GM}) 16. Nxb4 {Leitao,R (2623)-Pulvett,D 
(2383) San Cristobal Bolivar op 1st 2012 (2) 1/2}) 8. d5 (8. b3 Ne4 9. Bb2 Nxc3
10. Bxc3 Be4) 8... Na5 9. Nd4 Bd7 10. Qd3 (10. b3 c6 11. dxc6 bxc6) 10... c5
11. Nc2 a6 12. b3 b5 13. Rb1 Rb8 14. Bd2 e6 15. dxe6 Bxe6 16. Ne3 Qd7 17. Ned5
$146 (17. Nxb5 Nxb3 18. axb3 axb5 $11) (17. Ne4 {Burmakin,V 
(2586)-Timagin,P (2297) Chigorin Memorial 09th 2001 (2) 1-0}) (17. Ncd5 Nc6 18.
Nf4 b4 19. Rbd1 Ne5 20. Qc2 $16 {Laylo inf 111}) 17... Ng4 (17... Nxd5 $5) 18.
Ne4 $1 Nc6 19. h3 f5 20. Ng5 (20. hxg4 fxe4 21. Qxe4 Ne5 (21...
Bxg4)) 20... Nge5 21. Qc2 bxc4 22. Nxe6 Qxe6 23. bxc4 Nd4 $1 24. Nf4 Qd7 25. Qd1 Rxb1 26. Qxb1 (26. Bd5+) 26... g5 27. Nh5 Nxe2+ 28. Kh2 f4
29. gxf4 gxf4 30. Bd5+ Kh8 31. Qe4 Nd4 32. Qg2 Ng6 33. Rb1 $4 $138 (33. Qg4)
33... Qf5 0-1

[Event "Tata Steel-B 79th"]
[Site "Wijk aan Zee"]
[Date "2017.01.15"]
[Round "2"]
[White "Xiong, Jeffery"]
[Black "Van Foreest, Jorden"]
[Result "1-0"]
[ECO "E62"]
[WhiteElo "2667"]
[BlackElo "2612"]
[PlyCount "127"]
[EventDate "2017.01.14"]
[EventType "tourn"]
[EventRounds "13"]
[EventCountry "NED"]
[EventCategory "14"]
[SourceTitle "CBM 177"]
[Source "ChessBase"]
[SourceDate "2017.03.16"]
[SourceVersion "1"]
[SourceVersionDate "2017.03.16"]
[SourceQuality "1"]
[TimeControl "40/6000+30:20/3000+30:900+30"]

1. d4 d6 2. Nf3 Nf6 3. c4 g6 4. g3 Bg7 5. Bg2 O-O 6. Nc3 Nc6 7. O-O Bf5 8. d5 Na5 9. Nh4 Bd7 10. Qd3 c5 11. Bd2 a6 12. b3 b5 13.
Rab1 Rb8 14. Ne4 Nxe4 15. Bxe4 e5 16. dxe6 Bxe6 17. Bd5 Bxd5 $146 (17... Re8 18. Bxe6 Rxe6 19. Ng2 Nc6 20. Nf4 Re8 21. Rfd1 Nd4
22. e3 Nf3+ 23. Kg2 Nxd2 24. Rxd2 Qa5 25. Rbd1 Be5 26. Nd5 Bg7 27. Qe2 Re4 28.
Nf4 bxc4 29. bxc4 Bf8 30. Nd5 Bg7 31. Qd3 Ree8 32. h4 h5 33. Nf4 Bc3 34. Nxg6
fxg6 35. Qxg6+ Bg7 36. Rxd6 Re7 37. R1d5 Qc7 38. Rxh5 Qb7+ 39. Rdd5 Rf7 40.
Qh7+ Kf8 41. e4 Re8 42. Rhf5 Ree7 43. Rd8+ Re8 44. Rxe8+ Kxe8 45. Qg8+ Bf8 46.
Qxf7+ {1-0 (46) Khismatullin,D (2626)-Savitskiy,S (2405) Moscow 2016}) 18. Qxd5 Qb6 19. Qd3 Nc6 20. Ng2 a5 21. Bf4 Rfe8 22. Rfd1 Nd4 23. e3 Nf3+ 24. Kh1 Ne5 25. Bxe5 Bxe5 26. Kg1 Qc6 27. Rbc1 a4 28. Rc2 bxc4 29. bxc4 Rb4 30. Ne1 Reb8 31. f4 Bg7 32. Qxd6 Qxd6 33. Rxd6 a3 34. Kf1 Rb1 35. Ke2 h5 36. Rd1 R1b2 37. Rd3 Ra8 38. Kd2 Bf6 39. e4 Rb1 40. Rc1 Rbb8 41. Ke2 Bd4 42. Nf3 Rb2+ 43. Rd2 Bf6 44. Ne1 Bd4 45. Nf3 Bf6 46. Ne1 Bd4 47. e5 Rb4 48. Nf3 Bb2 49. Rcc2 Raa4 50. Rd8+ Kg7 51. Rd7 Kg8 52. Ng5 Rxc4 53. Rxc4 Rxc4 54. Nxf7 Bd4 55. e6 Bf6 56. Nh6+ Kh8 57. Nf7+ Kg8 58. Ne5 Rc2+ 59. Kf3 Rxa2 60. e7 Bxe7 61. Rxe7 Rxh2 62. Ra7 a2 63. Nxg6 c4 64. f5 1-0